 Dungeon Crawl Stone Soup version 0.31-a0-988-g08d55dae12 (webtiles) character file.

Game seed: 14568918316240247008

3223556 MackTheKnife the Conqueror (level 27, 303/303 HPs)
             Began as an Ogre Berserker on Nov 4, 2023.
             Was a High Priest of Jiyva.
             Escaped with the Orb
             ... and 5 runes on Nov 5, 2023!
             The game lasted 02:02:45 (67113 turns).

MackTheKnife the Conqueror (Ogre Berserker)        Turns: 67113, Time: 02:02:45

Health: 303/303    AC: 20    Str: 35    XL:     27
Magic:  30/30      EV: 14    Int: 10    God:    Jiyva [*****.]
Gold:   6125       SH: 35    Dex: 33    Spells: 44/50 levels left

rFire   + + +        k - +5 broad axe (heavy) {axe}
rCold   + + +        F - +8 tower shield {reflect}
rNeg    + + +        p - +2 gold dragon scales {rare}
rPois   ∞            K - +2 hat of the Centaur {Drain rF+ rCorr SInv}
rElec   +            M - scarf {rC+ rF+}
rCorr   +            (gloves unavailable)
SInv    +            (boots unavailable)
Will    ++++.        y - amulet "Qicanout" {RegenMP Rampage *Corrode rPois Will+} Stlth
                     R - ring "Dion Ufa" {rElec MP-9 Str+6 Int+4 Dex+3}
HPRegen 2.14/turn    f - +6 ring of dexterity
MPRegen 1.07/turn

%: corrode self (3%), reflection, rampage
@: death-form, studying 2 skills
A: vile attack, torment immunity, no potions, reduced hp, large, unfitting
armour, tough skin 1, antennae 1, talons 2, agile 2, deterioration 1, wild magic
1, eyeballs 3, jelly sensing items, jelly absorbing missiles
0: Orb of Zot
}: 5/15 runes: barnacled, slimy, silver, abyssal, gossamer
a: Siphon Essence, Begin Untransformation, Renounce Religion, Oozemancy, Slimify


You escaped.
You worshipped Jiyva.
Jiyva was extremely pleased with you.
You were an undying horror.
You visited 12 branches of the dungeon, and saw 54 of its levels.
You visited the Abyss 2 times.
You also visited: Sewer, Ossuary, Bailey and Ice Cave.

You collected 7536 gold pieces.
You spent 1411 gold pieces at shops.


Innate Abilities, Weirdness & Mutations

You are an undying horror.
Your melee and unarmed attacks drain, slow and weaken victims.
You are immune to unholy pain and torment.
You cannot drink.
Your maximum health is decreased, since you lack skill for your form.
You are immune to poison.
You are too large for most types of armour.
You have tough skin. (AC +1)
You have a pair of small antennae on your head.
You have razor-sharp toenails.
You are very agile. (Dex +8, Str/Int -2)
Your body sometimes deteriorates upon taking damage.
Your spells are a little harder to cast, but a little more powerful.
Your body is covered in eyes which may confuse attackers. (Acc +7, SInv)
You have a small jelly attached to you that senses nearby items.
You have a small jelly attached to you that may absorb projectiles.


   Skills:
 O Level 27 Fighting
 - Level 17.8(18.0) Axes
 - Level 2.6(11.1) Maces & Flails
 - Level 7.1 Armour
 - Level 12.0 Dodging
 - Level 21.1 Shields
 - Level 12.0 Spellcasting
 - Level 12.0 Translocations
 - Level 8.0 Transmutations
 - Level 6.0 Evocations
 + Level 22.4 Shapeshifting


You had 44 spell levels left.
You knew the following spells:

 Your Spells              Type           Power      Damage    Failure   Level
a - Wereblood             Tmut           28%        N/A       26%         2
b - Manifold Assault      Tloc           39%        N/A       30%         4

Your spell library contained the following spells:

 Spells                   Type           Power      Damage    Failure   Level
 Apportation              Tloc           78%        N/A       4%          1
 Blink                    Tloc           78%        N/A       6%          2
 Lesser Beckoning         Tloc           78%        N/A       6%          2
 Gell's Gravitas          Tloc           39%        N/A       11%         3
 Teleport Other           Tloc           39%        N/A       11%         3
 Passage of Golubria      Tloc           39%        N/A       30%         4
 Momentum Strike          Conj/Tloc      46%        3d9       47%         2
 Vhi's Electric Charge    Tloc/Air       46%        N/A       97%         4
 Magic Dart               Conj           28%        1d4       98%         1
 Slow                     Hex            28%        N/A       98%         1
 Summon Small Mammal      Summ           28%        N/A       98%         1
 Ignite Poison            Fire/Tmut/Pois 14%        N/A       98%         3
 Cigotuvi's Dreadful Rot  Necr/Pois/Air  14%        N/A       99%         2
 Jinxbite                 Hex            14%        N/A       99%         2
 Poisonous Vapours        Pois/Air       14%        N/A       99%         2
 Static Discharge         Conj/Air       14%        3-4/arc   99%         2
 Sublimation of Blood     Necr           7%         N/A       99%         2
 Dispersal                Tloc           19%        N/A       99%         6
 Call Canine Familiar     Summ           7%         N/A       100%        3
 Confusing Touch          Hex            7%         N/A       100%        3
 Frozen Ramparts          Ice            14%        1d3       100%        3
 Inner Flame              Hex/Fire       7%         N/A       100%        3
 Mephitic Cloud           Conj/Pois/Air  7%         N/A       100%        3
 Ozocubu's Armour         Ice            7%         N/A       100%        3
 Sigil of Binding         Hex            7%         N/A       100%        3
 Summon Guardian Golem    Hex/Summ       7%         N/A       100%        3
 Vampiric Draining        Necr           7%         2d6       100%        3
 Anguish                  Hex/Necr       3%         N/A       100%        4
 Cause Fear               Hex            3%         N/A       100%        4
 Dispel Undead            Necr           7%         3d8       100%        4
 Flame Wave               Conj/Fire      7%         2d5       100%        4
 Leda's Liquefaction      Hex/Erth       3%         N/A       100%        4
 Petrify                  Tmut/Erth      18%        N/A       100%        4
 Sticky Flame             Conj/Fire      7%         2d3       100%        4
 Summon Lightning Spire   Summ/Air       7%         N/A       100%        4
 Alistair's Intoxication  Tmut/Pois      12%        N/A       100%        5
 Arcjolt                  Conj/Air       3%         1d13      100%        5
 Fireball                 Conj/Fire      3%         3d4       100%        5
 Freezing Cloud           Conj/Ice/Air   3%         6-21      100%        5
 Lee's Rapid Deconstruct  Erth           3%         3d5*      100%        5
 Metabolic Englaciation   Hex/Ice        3%         N/A       100%        5
 Summon Mana Viper        Hex/Summ       7%         N/A       100%        5
 Bombard                  Conj/Erth      3%         9d1       100%        6
 Conjure Ball Lightning   Conj/Air       3%         3x3d6     100%        6
 Death Channel            Necr           3%         N/A       100%        6
 Simulacrum               Ice/Necr       3%         N/A       100%        6
 Enfeeble                 Hex            3%         N/A       100%        7
 Malign Gateway           Summ/Tloc      11%        N/A       100%        7
 Monstrous Menagerie      Summ           3%         N/A       100%        7
 Ozocubu's Refrigeration  Ice            3%         4d8       100%        7
 Summon Hydra             Summ           3%         N/A       100%        7
 Discord                  Hex            3%         N/A       100%        8
 Disjunction              Tloc           19%        N/A       100%        8
 Ignition                 Fire           3%         3d4       100%        8
 Maxwell's Capacitive Co  Air            3%         ∞         100%        8
 Summon Horrible Things   Summ           3%         N/A       100%        8
 Dragon's Call            Summ           3%         N/A       100%        9
 Fire Storm               Conj/Fire      3%         8d1       100%        9
 Polar Vortex             Ice            3%         N/A       100%        9

Inventory:

Hand Weapons
 k - a +5 heavy broad axe (weapon) {axe}
   (Trog gifted it to you on level 2 of the Lair of Beasts)
Armour
 d - +0 acid dragon scales
   (You found it on level 8 of the Dungeon)
 p - +2 gold dragon scales (worn) {rare}
   (You found it on level 3 of the Realm of Zot)
 w - the +1 cloak "Zemyfipp" {rElec Will+ Stlth+}
   (You found it on level 3 of the Elven Halls)

   rElec:     It insulates you from electricity.
   Will+:     It increases your willpower.
   Stlth+:    It makes you more stealthy.
 F - a +8 tower shield of reflection (worn)
   (You took it off a deep elf high priest on level 3 of the Elven Halls)
 K - the +2 hat of the Centaur (worn) {Drain rF+ rCorr SInv}
   (You acquired it on level 7 of the Dungeon)

   rF+:       It protects you from fire.
   SInv:      It lets you see invisible.
   rCorr:     It protects you from acid and corrosion.
   Drain:     It drains your maximum health when unequipped.
 M - a scarf of resistance (worn)
   (You bought it in a shop on level 1 of the Shoals)
Jewellery
 c - a ring of protection from fire
   (You found it on level 5 of the Vaults)
 f - a +6 ring of dexterity (right hand)
   (You found it on level 2 of the Spider Nest)
 i - a ring of positive energy
   (You found it on level 2 of the Dungeon)
 u - a ring of flight
   (You found it on level 3 of the Elven Halls)
 y - the amulet "Qicanout" (around neck) {RegenMP Rampage *Corrode rPois Will+}
   (You acquired it on level 4 of the Dungeon)

   [amulet of magic regeneration]

   RegenMP:   It increases your rate of magic regeneration.
   rPois:     It protects you from poison Will+: It increases your willpower.
   *Corrode:  It may corrode you when you take damage.
   Rampage:   It bestows one free step when moving towards enemies.
 R - the ring "Dion Ufa" (left hand) {rElec MP-9 Str+6 Int+4 Dex+3}
   (You took it off a deep elf annihilator on level 5 of the Vaults)

   [ring of strength]

   Str+6:     It affects your strength (+6).
   Int+4:     It affects your intelligence (+4).
   Dex+3:     It affects your dexterity (+3).
   rElec:     It insulates you from electricity.
   MP-9:      It affects your magic capacity (-9).
 T - the amulet "Baivvick" {Spirit *Corrode rElec Will+}
   (You found it in an ice cave)

   [amulet of guardian spirit]

   Spirit:    It causes incoming damage to be divided between your reserves of
   health and magic.
   rElec:     It insulates you from electricity.
   Will+:     It increases your willpower.
   *Corrode:  It may corrode you when you take damage.
 V - the macabre finger necklace {Finger+ rN+}
   (You found it on level 5 of the Pits of Slime)

   [amulet of nothing]

   Finger+:   It enables you to equip an extra ring.
   rN+:       It protects you from negative energy.
Talismans
 D - a talisman of death (active)
   (You found it on level 7 of the Dungeon)
 S - a granite talisman
   (You took it off Roxanne on level 2 of the Shoals)
Wands
 A - a wand of flame (67)
   (You took it off an orc on level 8 of the Dungeon)
 H - a wand of roots (54)
   (You found it on level 9 of the Dungeon)
 L - a wand of acid (15)
   (You found it on level 1 of the Lair of Beasts)
 O - a wand of digging (2)
   (You found it on level 3 of the Elven Halls)
 X - a wand of charming (23)
   (You took it off a yaktaur on level 13 of the Dungeon)
 Z - a wand of mindburst (12)
   (You found it on level 4 of the Shoals)
Scrolls
 e - 16 scrolls of teleportation {@r4}
 g - a scroll of blinking {!r}
 h - 6 scrolls of fog
 r - 11 scrolls of vulnerability {!r!r}
 v - 6 scrolls of butterflies
 B - a scroll of immolation {!r!r}
 I - 6 scrolls of silence {!r}
 P - 5 scrolls of poison {!r}
 Q - 5 scrolls of fear
Potions
 b - 8 potions of curing {@q1}
 j - 4 potions of magic
 l - 5 potions of mutation {!q}
 n - 5 potions of cancellation
 o - 10 potions of might
 s - 4 potions of invisibility
 t - 5 potions of attraction {!q}
 z - 3 potions of berserk rage {!q}
 E - 3 potions of haste {@q3}
 G - 10 potions of heal wounds {@q2}
 J - 5 potions of resistance
 N - 11 potions of ambrosia
 Y - 5 potions of enlightenment
Miscellaneous
 a - a box of beasts (inert)
   (You found it on level 11 of the Dungeon)
 C - a lightning rod (4/4)
   (You found it on level 4 of the Shoals)
 U - a phial of floods
   (You found it on level 5 of the Vaults)
 W - a tin of tremorstones (2/2) {throwing}
   (You found it on level 13 of the Dungeon)

Dungeon Overview and Level Annotations

Branches:
Dungeon (15/15)            Temple (1/1) D:4            Lair (5/5) D:9
 Shoals (4/4) Lair:2       Spider (4/4) Lair:2        Slime (5/5) Lair:5
    Orc (2/2) D:11            Elf (3/3) Orc:2        Vaults (5/5) D:13
  Crypt (0/3) Vaults:3     Depths (4/4) D:15           Hell (visited)
    Zot (5/5) Depths:4      Sewer (visited)         Ossuary (visited)
 Bailey (visited)           IceCv (visited)
    Dis: Hell:1         Geh: Hell:1         Coc: Hell:1         Tar: Hell:1

Altars:
Ashenzari
Cheibriados
Dithmenos
Elyvilon
Fedhas
Gozag
Hepliaklqana
Kikubaaqudgha
Makhleb
Nemelex Xobeh
Okawaru
Qazlal
Ru
Sif Muna
Trog
Uskayaw
Vehumet
Wu Jian
Xom
Yredelemnul
Zin
The Shining One
Jiyva
Lugonu

Shops:
Orc:2 :[(   Elf:3 !([   Shoals:1 [   Vaults:3 (*[   Depths:1 =:=

Portals:
Hell: Depths:1 Depths:2 Depths:3 Depths:4
Abyss: Depths:2 Depths:3 Depths:4
Pandemonium: Depths:1 Depths:2
Ziggurat: Depths:3

Annotations:
Slime:5 Royal Jelly
Elf:1 3 runed translucent doors, Zoiloeb's ghost, adept CeHu
Elf:2 3 runed translucent doors
Hell Geryon
Zot:5 exclusion: 2 upstairs

##.#####.## #....PP..........###
##..####..# ##..PPPP..........#..
##........###....PP♣♣P........#.#
...........#...P...P..........#.#
###.†####.....................#.#
##...........P.......#..#####.#.#
##...###....P.P........)#####.#.#
##...##....PPP♣..PPPP.......#.#.#
.....#...PPPP♣♣Pz.P♣PP......#.#.#
.##..#....P.P♣♣♣.P.PP...##..#....
.##..#..#...P.♣♣...P....##..#....
.##..#..##.....P.....#...#..#....
###..#..####......#.#.......#....
.....#..............#..###.....#.
###.###.#########.#..........>...
#.#...............####..##.......
#...............(.......##.#####.


There were no monsters in sight!


Message History

Your hp is fully restored (302).
There is a stone staircase leading up here.
You climb upwards.
There is a stone staircase leading down here.
What level of the Dungeon? (default 1, ? - help)
There is a stone staircase leading up here.
You climb upwards.
There is a stone staircase leading down here.
There is a stone staircase leading up here.
You climb upwards.
There is a stone staircase leading down here.
Things that are here:
+0 steam dragon scales; a +0 troll leather armour {Pargi} Jiyva says: Divide and consume!
You hear a distant slurping noise.
You hear a distant slurping noise.
You hear a distant slurping noise.
You hear a distant slurping noise.
A glowing orange brain comes into view.
Okay, then.
The glowing orange brain trembles before you.
Unknown command.
There is a stone staircase leading up here.
You climb upwards.
There is a stone staircase leading down here.
What level of the Dungeon? (default 1, ? - help)
A lorocyproca comes into view.
The lorocyproca gives a chilling moan.
You rampage towards the lorocyproca!
You slice the lorocyproca!!
The lorocyproca decays.
You claw the lorocyproca! You slice the lorocyproca!!
The lorocyproca decays.
You claw the lorocyproca! The lorocyproca hits you!
You feel your power leaking away. 😕 HP[-12] MP[-11]
You take 12 damage, and now have 290/302 hp.
You lost 11 mp, and now have 19/30 mp.
You closely miss the lorocyproca.
You claw the lorocyproca, but do no damage. 😕 HP[+2] MP[+1]
You regained 2 hp, and now have 292/302 hp.
You slice the lorocyproca like a ripe choko!!!
You kill the lorocyproca!
Unknown command. 😕 HP[+3] MP[+1]
You now have 303 max hp (+1).
You regained 3 hp, and now have 295/303 hp. 😕 HP[+2] MP[+1]
You regained 2 hp, and now have 297/303 hp. 😕 HP[+3] MP[+1]
You regained 3 hp, and now have 300/303 hp.
A tormentor comes into view. 😕 HP[+2] MP[+2]
You regained 2 hp, and now have 302/303 hp.
You regained 2 mp, and now have 25/30 mp. 😎 HP[+1] MP[+1]
Your hp is fully restored (303).
Unknown command.
You cut the tormentor into ribbons!!!
You kill the tormentor! 😎 MP[+1] Unknown command. 😎 MP[+1] 😎 MP[+1] 😎 MP[+1]
Your mp is fully restored (30).
There is a stone staircase leading up here.
You climb upwards.
An Iluum and a lorocyproca come into view.
There is a stone staircase leading down here.
The lorocyproca gives a chilling moan.
You climb downwards.
There is a stone staircase leading up here.
There is a stone staircase leading up here.
You climb upwards.
A hellion comes into view.
There is a stone staircase leading down here.
Unknown command.
The hellion moves out of view.
Unknown command.
Unknown command.
Unknown command.
There is a stone staircase leading up here.
You climb upwards.
There is a stone staircase leading down here.
What level of the Dungeon? (default 6, ? - help)
Things that are here:
5 stones {throwing}; a +0 ring mail; a +0 flail {mace}
There is a stone staircase leading up here.
You climb upwards.
There is a stone staircase leading down here.
A sun demon comes into view.
There is a stone staircase leading up here.
You climb upwards.
There is a stone staircase leading down here.
What level of the Dungeon? (default 1, ? - help)
There is a stone staircase leading up here.
You climb upwards.
There is a stone staircase leading down here.
There is a staircase leading out of the dungeon here.
You have escaped!

Skill      XL: |  1  2  3  4  5  6  7  8  9 10 11 12 13 14 15 16 17 18 19 20 21 22 23 24 25 26 27 |
---------------+----------------------------------------------------------------------------------+-----
Axes           | 1 3 4 6 8 11 13 15 16 17 | 17.8
Fighting       | 6 7 9 10 13 15 19 21 23 25 26 27 | 27.0
Dodging        | 4 5 10 12 | 12.0
Shields        | 4 8 11 13 14 15 16 17 20 21 | 21.1
Evocations     | 6 |  6.0
Armour         | 2 6 7 |  7.1
Shapeshifting  | 7 14 16 18 20 22 | 22.4
Transmutations | 5 8 |  8.0
Spellcasting   | 3 12 | 12.0
Translocations | 10 12 | 12.0
Maces & Flails | |  2.6

Action                     |  1- 3 |  4- 6 |  7- 9 | 10-12 | 13-15 | 16-18 | 19-21 | 22-24 | 25-27 || total
---------------------------+-------+-------+-------+-------+-------+-------+-------+-------+-------++-------
  Melee: Mace              |    16 |       |       |       |       |       |       |       |       ||    16
         War axe           |    85 |   104 |   427 |   664 |    37 |       |       |       |       ||  1317
         Punch             |     2 |     1 |     5 |     3 |       |       |       |       |       ||    11
         Glaive            |       |       |       |    70 |       |       |       |       |       ||    70
         Broad axe         |       |       |       |       |   993 |   670 |   672 |   996 |   934 ||  4265
         Pseudopods        |       |       |       |       |       |       |       |    57 |       ||    57
         Kick              |       |       |       |       |       |       |       |    15 |   405 ||   420
  Throw: Dart              |       |       |     5 |    16 |       |       |       |       |       ||    21
   Cast: Wereblood         |       |       |       |       |       |       |       |     1 |       ||     1
         Manifold Assault  |       |       |       |       |       |       |       |       |    26 ||    26
 Invoke: Berserk           |     2 |     1 |     3 |     6 |     5 |     1 |     1 |     1 |       ||    20
         Trog's Hand       |       |       |     1 |     5 |     7 |     1 |    11 |     7 |       ||    32
         Brothers in Arms  |       |       |       |     3 |     7 |    12 |    10 |     4 |       ||    36
         Slimify           |       |       |       |       |       |       |       |     1 |       ||     1
         Oozemancy         |       |       |       |       |       |       |       |       |     1 ||     1
  Evoke: Wand              |       |       |       |    19 |     7 |     3 |     6 |     4 |     5 ||    44
         Box of beasts     |       |       |       |       |       |     1 |     1 |     1 |     1 ||     4
         Tin of tremorston |       |       |       |       |       |     2 |     1 |     2 |       ||     5
         Lightning rod     |       |       |       |       |       |       |     2 |     8 |       ||    10
    Use: Scroll            |       |     1 |    15 |    12 |    11 |     8 |     2 |    15 |    11 ||    75
         Potion            |       |       |       |     4 |       |     4 |    13 |     2 |    11 ||    34
   Stab: Invisible         |       |       |       |    14 |       |     1 |     2 |       |       ||    17
         Petrifying        |       |       |       |       |     1 |       |       |       |       ||     1
         Petrified         |       |       |       |       |     1 |       |       |       |       ||     1
         Distracted        |       |       |       |       |     1 |     3 |     1 |       |     2 ||     7
         Sleeping          |       |       |       |       |       |       |     2 |     3 |     2 ||     7
         Betrayed ally     |       |       |       |       |       |       |     1 |       |       ||     1
         Confused          |       |       |       |       |       |       |       |       |    36 ||    36
 Armour: Animal skin       |    72 |       |       |       |       |       |       |       |       ||    72
         Troll leather arm |       |    49 |   243 |     4 |       |       |       |       |       ||   296
         Steam dragon scal |       |       |    38 |   198 |       |       |       |       |       ||   236
         Acid dragon scale |       |       |       |   342 |   445 |   566 |   528 |   113 |       ||  1994
         Robe              |       |       |       |       |     3 |       |       |       |       ||     3
         Skin              |       |       |       |       |       |       |       |   756 |   721 ||  1477
         Gold dragon scale |       |       |       |       |       |       |       |       |     9 ||     9
  Dodge: Dodged            |    62 |    46 |   155 |   315 |   360 |   451 |   366 |   668 |   566 ||  2989
  Block: Other             |     8 |    25 |    87 |    69 |       |       |       |       |       ||   189
         Reflection        |       |     1 |     2 |     6 |    52 |    28 |       |    37 |    70 ||   196
         Kite shield       |       |       |       |   318 |   834 |   595 |   514 |   419 |       ||  2680
         Tower shield      |       |       |       |       |       |       |       |   893 |  1602 ||  2495
   Form: Statue            |       |       |       |       |       |       |       |     1 |       ||     1
         Death             |       |       |       |       |       |       |       |       |     1 ||     1

Levels and vault maps discovered:
D:1:      spicycebolla_arrival_clurvy, layout_basic,
          ebering_ecumenical_altar_box
D:2:      layout_loops_ring, minivault_25
D:3:      layout_loops_ring, gup_sewer_entry_spiral, uniq_pargi, uniq_grinder,
          uniq_crazy_yiuf_cottage
D:4:      layout_basic, minmay_temple_entry_mini_moons,
          nicolae_figureground_pulse
D:5:      wad_woods_tower, layout_rooms, mainiacjoe_overflow_catwalk,
          ebering_ghost_gozag, nicolae_ossuary_entry_giza,
          nicolae_elevator_lobby_plus, uniq_duvessa, uniq_blork_the_orc
D:6:      layout_loops_cross, serial_undead, serial_undead_d, serial_undead_f,
          serial_undead_e, serial_undead_b, serial_undead_c,
          minmay_ruined_shrine, uniq_maggie
D:7:      layout_loops_ring, mainiacjoe_overflow_alcove_1, uniq_menkaure
D:8:      nzn_winding_woodlands_stair_cross
          [nzn_winding_woodlands_5x15_sawtooth,
          nzn_winding_woodlands_center_triple_pond,
          nzn_winding_woodlands_5x15_sidewinder,
          nzn_winding_woodlands_hourglass,
          nzn_winding_woodlands_5x5_closed_star,
          nzn_winding_woodlands_5x15_concentric,
          nzn_winding_woodlands_center_pierced_h,
          nzn_winding_woodlands_5x15_pathside_ponds], layout_loops_ring,
          ashenzari_altar_1, kennysheep_little_box, uniq_jeremiah
D:9:      layout_long_grid, mainiacjoe_overflow_chevrons, elyvilon_altar_3,
          enter_bailey_4
D:10:     layout_cave_pools, mainiacjoe_overflow_tiny_flanked,
          nicolae_overflow_squiral
D:11:     minmay_s_stair_smasher, layout_irregular_city, orc_0_dummy,
          gammafunk_ghost_split, uniq_maurice, uniq_urug
D:12:     layout_basic, gammafunk_ghost_grave,
          minmay_fractal_squares_diagonal_5, uniq_lodul
D:13:     layout_cave_pools, hangedman_vaults_entry_quadrant_bands, serial_park,
          serial_park_tiny_pond, serial_park_gazebo
          [serial_park_minivault_5x5_5], serial_park_square2,
          kennysheep_another_room, bloody_trog
D:14:     layout_basic
D:15:     hangedman_depths_entry_civil_slaughter, layout_gridville,
          moated_statue, hellmonk_ghost_happy_afterlife
Temple:   oiseaux_autumnal_temple
Lair:1:   layout_hall_layers, infiniplex_staircase_pool, uniq_joseph
Lair:2:   layout_cave_pods, elwin_shoals_entry_rocks,
          spider_nest_entry_web_field, special_room [special_room_bee],
          serial_bayou_pond_a, serial_bayou_shore_a, uniq_fannar
Lair:3:   layout_loops_ring, grunt_megastairs_3, uniq_rupert, uniq_gastronok
Lair:4:   layout_cave_pods, chequers_serial_rivers_small_b
Lair:5:   evilmike_catoblepas_cave, layout_regular_city,
          minmay_slime_entry_pillars
Shoals:1: cheibrodos_shoals_satyrical_garden, layout_shoals, serial_shops,
          nicolae_shop_overgrown_old_shop, wheals_shoals_ruined_temple
Shoals:2: layout_shoals, uniq_roxanne
Shoals:3: layout_shoals
Shoals:4: shoals_end_hellmonk_lost_city
Spider:1: layout_spider_delve, nicolae_spider_bug_shape, uniq_agnes
Spider:2: layout_spider_delve
Spider:3: layout_spider_delve, nicolae_spider_world_wide_web, uniq_mlioglotl
Spider:4: floodkiller_spider_rune_tomb, drop_trap
Slime:1:  layout_caves
Slime:2:  cheibrodos_slime_lost_civilization_2, layout_caves
Slime:3:  layout_caves, cheibrodos_slime_lost_civilization_6
Slime:4:  layout_caves
Slime:5:  slime_pit_nicolae_trefoil
Orc:1:    layout_caves
Orc:2:    st_orc_congregation, layout_caves, portal_ice_cave_entry_imps
Elf:1:    nicolae_elf_arrival_no_cutting_in_line, layout_geoelf_octagon,
          ebering_ghost_rock_garden, hangedman_elf_represent
Elf:2:    nicolae_elf_blades_crystal_corner, layout_gridlike, amethyst_killhole,
          minmay_elf_annihilation
Elf:3:    minmay_elf_hall_quartered_circle, layout_rooms, serial_shops,
          nicolae_shop_pleasant_corner_grove, nicolae_shop_trees,
          nicolae_shop_tiny_statue_garden
Vaults:1: nicolae_vaults_trapezoid_lopsided_3, v_rooms_6, v_pattern_4,
          nicolae_vaults_closet_pinwheel_5, hangedman_vaults_trim,
          hangedman_vaults_maws, nicolae_vaults_closet_pinwheel_1,
          nicolae_vaults_layer_cake_slice, nicolae_vaults_tetromino_L_1,
          nicolae_vaults_double_plus_1, layout_vaults_omnigrid
Vaults:2: v_misc_18, nicolae_vaults_hallways_thing, v_misc_15,
          nicolae_vaults_mitosis, vaults_dpeg_doors, hangedman_vaults_locks,
          nicolae_vaults_network_star, nicolae_vaults_trapezoid_1,
          nicolae_vaults_offset_grid_hallway_2, nicolae_vaults_tangram_2,
          nicolae_vaults_diagonal_hallway_7, vaults_room_grid,
          vaults_room_door_ring, layout_vaults_omnibox, uniq_nikola
Vaults:3: hangedman_vaults_hard_town_square, hangedman_vaults_stream,
          v_pattern_2, v_alt_pattern_4, nicolae_vaults_apartment_1, v_misc_29,
          ontoclasm_vaults_chip, hangedman_vaults_maws,
          minmay_crypt_entry_simple_walls, nicolae_vaults_inception_corners,
          nicolae_vaults_trapezoid_lopsided_3,
          nicolae_vaults_variable_pillar_hall, layout_vaults_maze_snakey
Vaults:4: nicolae_vaults_tangram_1, nicolae_vaults_swerve,
          nicolae_vaults_tetromino_T_2, ontoclasm_vaults_spin,
          nicolae_vaults_little_squares_3, nicolae_vaults_sealed_display,
          serial_ice_b, nicolae_vaults_stepped_doors, vaults_room_hallway,
          nicolae_vaults_two_Ls, layout_vaults_omnicross
Vaults:5
Depths:1: layout_cave_pools, grunt_pan_entry_in_and_out, hell_entry,
          grunt_qazlal_clouds, nicolae_tso_swordbearing_angel,
          minmay_shop_grove, serial_bayou_shore_b
Depths:2: minmay_octo_star, layout_gridville, rand_demon_pan_entry_3,
          hell_entry, abyss_entry, lemuel_crystal_altar, hex_medium,
          dancing_weapons_uskayaw, infiniplex_staircase_pillars_2
Depths:3: evilmike_iron_armoury, layout_cave_pools, enter_ziggurat_a,
          nicolae_hepliaklqana_hippocampus, hell_entry, abyss_entry,
          serial_bayou_shore_b
Depths:4: evilmike_zot_entry_gauntlet, layout_gridville, serial_sigils,
          serial_sigils_hangedman_gnaw, serial_sigils_hangedman_clutch,
          serial_sigils_hangedman_shear, serial_sigils_hangedman_carve,
          serial_sigils_hangedman_quiver, grunt_mini_vestibule,
          abyss_entry_flame_altar, grunt_ministairs_2, uniq_vv
Hell
Zot:1:    grunt_deathspiral_small, layout_onion, regret_index_zotdec_tunneler,
          regret_index_zotdec_gossamer_parallel
Zot:2:    dreamdust_black_sun_cult, layout_cathedral_of_symmetry,
          hangedman_zot_decor_tridents
Zot:3:    nicolae_moth_party, layout_onion_interference
Zot:4:    layout_basic, regret_index_zotdec_split_disrupt
Zot:5:    layout_misc_corridors

Notes
Turn   | Place    | Note
-------+----------+-------------------------------------------
     0 | D:1      | MackTheKnife the Ogre Berserker began the quest for the
                  | Orb.
     0 | D:1      | Reached XP level 1. HP: 24/24 MP: 1/1
     0 | D:1      | magus.rc [v1.9.6]
   202 | D:1      | Reached skill level 1 in Axes
   202 | D:1      | Reached XP level 2. HP: 33/33 MP: 2/2
   342 | D:1      | Found a faded altar of an unknown god.
  1289 | D:2      | Reached XP level 3. HP: 40/40 MP: 3/3
  1401 | D:2      | Reached skill level 5 in Fighting
  1401 | D:2      | Reached skill level 2 in Axes
  1938 | D:3      | Noticed Pargi
  1945 | D:3      | Killed Pargi
  1946 | D:3      | Reached skill level 6 in Fighting
  1946 | D:3      | Reached skill level 3 in Axes
  1946 | D:3      | Reached XP level 4. HP: 52/52 MP: 4/4
  1946 | D:3      | Reached XP level 5. HP: 59/59 MP: 5/5
  2047 | D:3      | Noticed Grinder
  2062 | D:3      | Paralysed by Grinder for 5 turns
  2072 | D:3      | Paralysed by Grinder for 2 turns
  2082 | D:3      | Killed Grinder
  2083 | D:3      | Reached skill level 7 in Fighting
  2083 | D:3      | Reached skill level 4 in Axes
  2083 | D:3      | Reached XP level 6. HP: 71/71 MP: 6/6
  2165 | D:3      | Reached ** piety under Trog
  2208 | D:3      | Found a glowing drain.
  2218 | Sewer    | Entered a sewer
  2496 | Sewer    | Reached *** piety under Trog
  2503 | Sewer    | Reached XP level 7. HP: 78/78 MP: 7/7
  2866 | D:3      | Reached skill level 5 in Axes
  3069 | D:3      | Found a runed translucent door.
  3070 | D:3      | Noticed Crazy Yiuf
  3184 | D:3      | Killed Crazy Yiuf
  3185 | D:3      | Reached skill level 8 in Fighting
  3378 | D:4      | Reached **** piety under Trog
  3440 | D:4      | You add the spells Gell's Gravitas, Teleport Other and
                  | Dispersal to your library.
  3601 | D:4      | Identified 3 scrolls of acquirement
  3601 | D:4      | Acquired 767 gold pieces
  3604 | D:4      | Acquired the amulet "Qicanout" {RegenMP Rampage *Corrode
                  | rPois Will+}
  3619 | D:4      | Acquired a +6 ring of strength
  3840 | D:4      | Found a staircase to the Ecumenical Temple.
  3874 | D:4      | Reached skill level 9 in Fighting
  4081 | D:4      | Reached skill level 6 in Axes
  4081 | D:4      | Reached XP level 8. HP: 91/92 MP: 8/8
  4112 | D:5      | Entered Level 5 of the Dungeon
  4113 | D:5      | Found a runed translucent gate.
  4114 | D:5      | Found a runed translucent gate.
  4114 | D:5      | Found an opulent altar of Gozag.
  4115 | D:5      | Found a runed translucent gate.
  4117 | D:5      | Noticed mopl's ghost (novice OpBr)
  4144 | D:5      | Found a sand-covered staircase.
  4156 | Ossuary  | Entered an ossuary
  4337 | Ossuary  | Reached ***** piety under Trog
  4482 | D:5      | You pick up a book of Hexes {forbidden} and begin
                  | reading...
  4482 | D:5      | You add the spells Anguish, Cause Fear and Enfeeble to your
                  | library.
  4497 | D:5      | Noticed Blork the orc
  4499 | D:5      | Noticed Dowan
  4501 | D:5      | Noticed Duvessa
  4565 | D:5      | Reached skill level 10 in Fighting
  4565 | D:5      | Reached skill level 7 in Axes
  4718 | D:5      | Killed Blork the orc
  4719 | D:5      | Reached skill level 8 in Axes
  4848 | D:5      | Found a bloodstained altar of Trog.
  4925 | D:5      | Reached XP level 9. HP: 101/101 MP: 9/9
  5024 | D:5      | Killed Dowan
  5027 | D:5      | Killed Duvessa
  5028 | D:5      | Reached skill level 9 in Axes
  5263 | Temple   | Entered the Ecumenical Temple
  5519 | D:6      | Received a gift from Trog
  5536 | D:6      | Reached skill level 10 in Axes
  5538 | D:6      | Noticed Maggie
  5548 | D:6      | Killed Maggie
  5823 | D:6      | Reached skill level 11 in Axes
  6018 | D:6      | Reached XP level 10. HP: 111/111 MP: 10/10
  6058 | D:6      | Found an ornate altar of the Wu Jian Council.
  6061 | D:6      | You pick up a book of Callings {forbidden} and begin
                  | reading...
  6061 | D:6      | You add the spells Summon Small Mammal, Call Canine
                  | Familiar and Summon Guardian Golem to your library.
  6061 | D:6      | You pick up a book of Flames {forbidden} and begin
                  | reading...
  6061 | D:6      | You add the spells Inner Flame, Sticky Flame and Flame Wave
                  | to your library.
  6165 | D:7      | Reached skill level 11 in Fighting
  6165 | D:7      | Noticed Menkaure
  6179 | D:7      | Killed Menkaure
  6234 | D:7      | Acquired the +2 hat of the Centaur {Drain rF+ rCorr SInv}
  6422 | D:7      | Reached skill level 12 in Axes
  6545 | D:7      | Reached skill level 12 in Fighting
  6880 | D:7      | Found a hide-covered altar of Uskayaw.
  6920 | D:8      | Noticed a manticore
  6920 | D:8      | Noticed a boulder beetle
  6925 | D:8      | Noticed a green ugly thing
  7037 | D:8      | Found a broken altar of Ashenzari.
  7109 | D:8      | Found an iron altar of Okawaru.
  7217 | D:8      | Killed a manticore
  7433 | D:8      | Reached skill level 13 in Fighting
  7434 | D:8      | Noticed a four-headed hydra
  7436 | D:8      | Noticed a centaur warrior
  7564 | D:8      | Killed a four-headed hydra
  7565 | D:8      | Reached skill level 13 in Axes
  7565 | D:8      | Reached XP level 11. HP: 81/127 MP: 11/11
  7572 | D:8      | Noticed an orc knight
  7574 | D:8      | Killed an orc knight
  7873 | D:8      | Killed a centaur warrior
  7874 | D:8      | Reached skill level 14 in Fighting
  8183 | D:8      | Noticed Jeremiah
  8254 | D:8      | Killed Jeremiah
  8483 | D:8      | Noticed a centaur warrior
  8484 | D:8      | Noticed a purple ugly thing
  8523 | D:8      | Killed a centaur warrior
  8524 | D:8      | Reached skill level 3 in Dodging
  8534 | D:8      | Killed a purple ugly thing
  8537 | D:8      | Killed a purple ugly thing
  8544 | D:8      | HP: 26/131 [boulder beetle (16)]
  8746 | D:8      | You add the spells Ozocubu's Armour and Ozocubu's
                  | Refrigeration to your library.
  8774 | D:7      | Reached skill level 4 in Dodging
  8923 | D:8      | You pick up a book of Chaos {forbidden} and begin
                  | reading...
  8923 | D:8      | You add the spells Conjure Ball Lightning, Disjunction and
                  | Discord to your library.
  9555 | D:9      | Found a radiant altar of Vehumet.
  9569 | D:9      | Found a flagged portal.
  9579 | Bailey   | Entered a bailey
  9785 | Bailey   | Reached skill level 1 in Shields
  9881 | Bailey   | Reached skill level 15 in Fighting
  9898 | Bailey   | Reached skill level 2 in Shields
 10100 | Bailey   | HP: 31/132 [orc warrior/+0 halberd (9)]
 10347 | Bailey   | Identified a +0 crystal plate armour
 10363 | Bailey   | Reached skill level 3 in Shields
 11169 | Bailey   | Reached skill level 4 in Shields
 11226 | Bailey   | Reached XP level 12. HP: 66/141 MP: 12/12
 11598 | Bailey   | m - a +0 crystal plate armour {rare=g}
 11885 | D:8      | Reached skill level 5 in Shields
 12002 | D:9      | Found a staircase to the Lair.
 12252 | D:9      | Reached skill level 16 in Fighting
 12504 | D:9      | Reached skill level 6 in Shields
 12791 | D:9      | Found a white marble altar of Elyvilon.
 13024 | D:10     | Entered Level 10 of the Dungeon
 13184 | D:10     | Found an ancient bone altar of Kikubaaqudgha.
 13185 | D:10     | Found a snail-covered altar of Cheibriados.
 13403 | D:10     | Reached skill level 17 in Fighting
 13470 | D:10     | You add the spells Vhi's Electric Charge, Arcjolt and
                  | Maxwell's Capacitive Coupling to your library.
 13626 | D:10     | Found a shimmering blue altar of Sif Muna.
 13834 | Lair:1   | Entered Level 1 of the Lair of Beasts
 13850 | Lair:1   | Reached skill level 7 in Shields
 14269 | Lair:1   | Noticed Joseph
 14288 | Lair:1   | Killed Joseph
 14289 | Lair:1   | Reached skill level 18 in Fighting
 14391 | Lair:1   | Reached skill level 8 in Shields
 14484 | Lair:1   | You pick up a book of the Dragon {forbidden} and begin
                  | reading...
 14484 | Lair:1   | You add the spells Fireball and Dragon's Call to your
                  | library.
 14621 | Lair:1   | Reached skill level 19 in Fighting
 14775 | Lair:1   | Reached XP level 13. HP: 121/162 MP: 13/13
 15069 | Lair:2   | Reached skill level 9 in Shields
 15134 | Lair:2   | Found a hole to the Spider Nest.
 15240 | Lair:2   | Received a gift from Trog
 15241 | Lair:2   | Reached skill level 20 in Fighting
 15322 | Lair:2   | Reached skill level 14 in Axes
 15737 | Lair:2   | Noticed Fannar
 15760 | Lair:2   | Killed Fannar
 15877 | Lair:2   | Found a staircase to the Shoals.
 16686 | Lair:3   | Noticed Gastronok
 16701 | Lair:3   | Killed Gastronok
 16702 | Lair:3   | Reached skill level 10 in Shields
 16703 | Lair:3   | You pick up a book of Spatial Translocations {forbidden}
                  | and begin reading...
 16703 | Lair:3   | You add the spells Blink, Momentum Strike and Lesser
                  | Beckoning to your library.
 16810 | Lair:3   | Noticed Rupert
 16825 | Lair:3   | Killed Rupert
 16874 | Lair:3   | Reached skill level 21 in Fighting
 17236 | Lair:3   | You pick up a book of Debilitation {forbidden} and begin
                  | reading...
 17236 | Lair:3   | You add the spells Slow, Sigil of Binding, Vampiric
                  | Draining and Confusing Touch to your library.
 17579 | Lair:3   | magus.rc [v1.9.6]
 18449 | Lair:5   | Entered Level 5 of the Lair of Beasts
 18544 | Lair:5   | Reached skill level 11 in Shields
 18553 | Lair:5   | Reached skill level 15 in Axes
 18556 | Lair:5   | Reached XP level 14. HP: 140/179 MP: 4/14
 18803 | Lair:5   | Found a viscous altar of Jiyva.
 18808 | Lair:5   | Found a staircase to the Slime Pits.
 19480 | Lair:5   | Reached skill level 12 in Shields
 20072 | Lair:5   | Reached skill level 16 in Axes
 20413 | Lair:5   | Identified the +1 long sword of the Wasp {venom, rElec rF+
                  | Will+ SInv}
 20795 | D:11     | Noticed Maurice
 20888 | D:11     | Found a runed translucent gate.
 20888 | D:11     | Found a runed translucent gate.
 20888 | D:11     | Noticed eyesofgods1's ghost (journeyman DjCj)
 20890 | D:11     | Found a runed translucent gate.
 21256 | D:11     | Reached skill level 13 in Shields
 21433 | D:11     | Noticed Urug
 21437 | D:11     | Killed Urug
 21730 | D:11     | Found a staircase to the Orcish Mines.
 21920 | D:11     | Killed Maurice
 21957 | Orc:1    | Entered Level 1 of the Orcish Mines
 21985 | Orc:1    | HP: 61/265 [rust devil[an orc high priest] (6)]
 21990 | Orc:1    | Reached XP level 15. HP: 62/187 MP: 15/15
 22340 | Orc:2    | Entered Level 2 of the Orcish Mines
 22517 | Orc:2    | Found a frozen archway.
 22586 | IceCv    | Entered an ice cave
 22625 | IceCv    | magus.rc [v1.9.6]
 22685 | IceCv    | Reached skill level 1 in Evocations
 22881 | IceCv    | Reached ****** piety under Trog
 23085 | IceCv    | Reached skill level 2 in Evocations
 23246 | IceCv    | Reached skill level 3 in Evocations
 23357 | IceCv    | Identified the amulet "Baivvick" {Spirit *Corrode rElec
                  | Will+}
 23482 | Orc:2    | Noticed an orc warlord
 23492 | Orc:2    | Killed an orc warlord
 23492 | Orc:2    | Received a gift from Trog
 23523 | Orc:2    | Noticed an orc warlord
 23530 | Orc:2    | Reached skill level 4 in Evocations
 23542 | Orc:2    | Killed an orc warlord
 23552 | Orc:2    | Found a staircase to the Elven Halls.
 23554 | Orc:2    | Reached skill level 5 in Evocations
 24040 | Orc:2    | Found Imuonoan's General Store.
 24041 | Orc:2    | Found Uklochaj's Book Shop.
 24043 | Orc:2    | Found Kaimnud's Antique Armour Boutique.
 24043 | Orc:2    | Found Viloyqut's Antique Weapon Boutique.
 24069 | Orc:2    | Reached skill level 6 in Evocations
 24521 | Orc:1    | Received a gift from Trog
 24581 | Orc:1    | Reached skill level 17 in Axes
 24815 | D:12     | Reached skill level 14 in Shields
 25018 | D:12     | Found a runed translucent door.
 25019 | D:12     | Noticed Scuka's ghost (journeyman MiBe)
 25162 | D:12     | Noticed Lodul
 25167 | D:12     | Killed Lodul
 25558 | D:13     | Found a bloodstained altar of Trog.
 25903 | D:13     | Reached skill level 1 in Armour
 25917 | D:13     | Reached skill level 5 in Dodging
 26033 | D:13     | Found a shadowy altar of Dithmenos.
 26092 | D:13     | Reached skill level 2 in Armour
 26092 | D:13     | Reached XP level 16. HP: 155/197 MP: 16/16
 26167 | D:13     | Received a gift from Trog
 26382 | D:13     | Found a gate to the Vaults.
 26638 | D:13     | magus.rc [v1.9.6]
 26638 | D:13     | magus.rc [v1.9.6]
 26861 | D:14     | Reached skill level 3 in Armour
 27719 | D:15     | Entered Level 15 of the Dungeon
 27724 | D:15     | Reached skill level 6 in Dodging
 27748 | D:15     | Found a staircase to the Depths.
 27879 | D:15     | Reached skill level 4 in Armour
 28159 | D:15     | Reached skill level 7 in Dodging
 28318 | D:15     | Found a runed translucent door.
 28318 | D:15     | Noticed Guofuxagu's ghost (journeyman TrCA)
 28522 | D:15     | Killed Guofuxagu's ghost
 29249 | D:11     | Reached skill level 8 in Dodging
 29252 | D:11     | Killed eyesofgods1's ghost
 29332 | D:11     | magus.rc [v1.9.6]
 29472 | D:5      | Killed mopl's ghost
 29482 | D:5      | You pick up a book of Callings {forbidden} and begin
                  | reading...
 29662 | D:12     | Killed Scuka's ghost
 29691 | D:12     | You pick up a book of Decay {forbidden} and begin
                  | reading...
 29691 | D:12     | You add the spells Cigotuvi's Dreadful Rot, Dispel Undead
                  | and Death Channel to your library.
 29821 | Spider:1 | Entered Level 1 of the Spider Nest
 30267 | Lair:2   | Reached skill level 9 in Dodging
 30881 | Spider:1 | Noticed Agnes
 30893 | Spider:1 | Killed Agnes
 30921 | Spider:1 | Reached skill level 10 in Dodging
 31230 | Spider:1 | Reached skill level 5 in Armour
 31847 | Spider:1 | Reached skill level 6 in Armour
 31976 | Spider:2 | Reached XP level 17. HP: 147/205 MP: 17/17
 32406 | Spider:2 | Received a gift from Trog
 32700 | Spider:2 | You pick up a book of Ice {forbidden} and begin reading...
 32700 | Spider:2 | You add the spells Simulacrum and Polar Vortex to your
                  | library.
 32748 | Spider:2 | You pick up a book of the Earth {forbidden} and begin
                  | reading...
 32748 | Spider:2 | You add the spells Leda's Liquefaction, Lee's Rapid
                  | Deconstruction and Bombard to your library.
 32781 | Spider:2 | You add the spells Malign Gateway and Summon Horrible
                  | Things to your library.
 32948 | Spider:2 | Reached skill level 22 in Fighting
 33561 | Spider:3 | Noticed Mlioglotl
 33570 | Spider:3 | Killed Mlioglotl
 33907 | Spider:3 | Reached skill level 15 in Shields
 35047 | Spider:4 | Entered Level 4 of the Spider Nest
 35125 | Spider:4 | Reached skill level 23 in Fighting
 35730 | Spider:4 | You add the spells Ignite Poison and Ignition to your
                  | library.
 36772 | Spider:4 | Reached XP level 18. HP: 172/216 MP: 18/18
 36865 | Spider:4 | Reached skill level 24 in Fighting
 37260 | Spider:4 | You pick up a book of Party Tricks {forbidden} and begin
                  | reading...
 37260 | Spider:4 | You add the spells Apportation, Jinxbite and Alistair's
                  | Intoxication to your library.
 37280 | Spider:4 | Received a gift from Trog
 37615 | Spider:4 | Identified 2 potions of experience
 37655 | Spider:4 | Reached skill level 25 in Fighting
 37736 | Spider:4 | Reached XP level 19. HP: 239/239 MP: 19/19
 37737 | Spider:4 | Reached skill level 26 in Fighting
 37737 | Spider:4 | Reached XP level 20. HP: 252/252 MP: 20/20
 37746 | Spider:4 | Got a gossamer rune of Zot
 37971 | Shoals:1 | Entered Level 1 of the Shoals
 37972 | Shoals:1 | Found Wotzekhla's Antique Armour Shop.
 37985 | Shoals:1 | Bought a runed scarf for 272 gold pieces
 38827 | Shoals:1 | Reached skill level 27 in Fighting
 39207 | Shoals:1 | You pick up a book of Winter {forbidden} and begin
                  | reading...
 39224 | Shoals:1 | Found a shadowy altar of Dithmenos.
 39472 | Shoals:1 | Received a gift from Trog
 39861 | Shoals:2 | You pick up a book of Vapours {forbidden} and begin
                  | reading...
 39861 | Shoals:2 | You add the spells Poisonous Vapours, Mephitic Cloud and
                  | Freezing Cloud to your library.
 40108 | Shoals:2 | Reached skill level 7 in Armour
 40167 | Shoals:2 | Noticed Roxanne
 40176 | Shoals:2 | Killed Roxanne
 40315 | Shoals:3 | Reached skill level 1 in Shapeshifting
 40438 | Shoals:3 | Reached skill level 2 in Shapeshifting
 40473 | Shoals:3 | You pick up a book of Sloth {forbidden} and begin
                  | reading...
 40473 | Shoals:3 | You add the spells Frozen Ramparts and Petrify to your
                  | library.
 40682 | Shoals:3 | Reached skill level 3 in Shapeshifting
 40824 | Shoals:4 | Entered Level 4 of the Shoals
 40861 | Shoals:4 | Reached skill level 4 in Shapeshifting
 40907 | Shoals:4 | You pick up a book of Debilitation {forbidden} and begin
                  | reading...
 41196 | Shoals:4 | Reached skill level 5 in Shapeshifting
 41209 | Shoals:4 | HP: 64/256 [sea snake (5)]
 41256 | Shoals:4 | Reached skill level 6 in Shapeshifting
 41841 | Shoals:4 | Reached skill level 7 in Shapeshifting
 42093 | Shoals:4 | Reached XP level 21. HP: 251/265 MP: 21/21
 42283 | Shoals:4 | Reached skill level 8 in Shapeshifting
 42382 | Shoals:4 | Identified the dragon-blood talisman of the Gusle {rN+
                  | Will+ Slay+5}
 42406 | Shoals:4 | Got a barnacled rune of Zot
 42525 | Shoals:4 | Identified the +0 fire dragon scales "Fiwiozif" {*Slow rF++
                  | rC- Will++ Dex+4}
 42536 | Shoals:4 | Identified the +0 war axe "Wojutzao" {elec, Will+ SInv}
 42880 | Vaults:1 | Entered Level 1 of the Vaults
 42972 | Vaults:1 | Reached skill level 9 in Shapeshifting
 43709 | Vaults:1 | Reached skill level 10 in Shapeshifting
 43986 | Vaults:1 | Received a gift from Trog
 44588 | Vaults:1 | Reached skill level 11 in Shapeshifting
 45396 | Vaults:2 | Noticed Nikola
 45418 | Vaults:2 | Killed Nikola
 45522 | Vaults:2 | Reached skill level 12 in Shapeshifting
 46461 | Vaults:2 | Reached skill level 13 in Shapeshifting
 47383 | Vaults:3 | Identified the of Ytiax
 47599 | Vaults:3 | Reached skill level 14 in Shapeshifting
 47607 | Vaults:3 | Reached XP level 22. HP: 120/275 MP: 11/22
 48512 | Vaults:3 | Paralysed by a formless jellyfish for 1 turns
 48515 | Vaults:3 | Paralysed by a formless jellyfish for 1 turns
 48518 | Vaults:3 | Received a gift from Trog
 48832 | Vaults:3 | Found Watoafoj's Weapon Shoppe.
 48833 | Vaults:3 | Found Uvevont's Armour Shoppe.
 48907 | Vaults:3 | Reached skill level 15 in Shapeshifting
 49176 | Vaults:3 | Found Pames's Assorted Antiques.
 49189 | Vaults:3 | Bought a potion of curing for 63 gold pieces
 49189 | Vaults:3 | Bought a scroll of fear for 84 gold pieces
 49189 | Vaults:3 | Bought a scroll of fog for 84 gold pieces
 49524 | Vaults:3 | You add the spells Summon Lightning Spire and Summon Mana
                  | Viper to your library.
 50129 | Vaults:3 | Found a staircase to the Crypt.
 50342 | Vaults:3 | HP: 93/394 [sphinx/divine providence (16)]
 50349 | Vaults:3 | Reached skill level 16 in Shapeshifting
 50830 | Vaults:4 | Received a gift from Trog
 50903 | Vaults:4 | Reached skill level 16 in Shields
 51775 | Vaults:4 | Reached skill level 11 in Dodging
 52109 | Vaults:5 | Identified the of Ocill
 52109 | Crypt:3  | Identified the "Zehuymas"
 52109 | Elf:1    | Entered Level 1 of the Elven Halls
 52117 | Elf:1    | Received a gift from Trog
 52401 | Elf:1    | Reached skill level 12 in Dodging
 52878 | Elf:1    | Found a runed translucent gate.
 52879 | Elf:1    | Found a runed translucent gate.
 52880 | Elf:1    | Found a runed translucent gate.
 52882 | Elf:1    | Noticed Zoiloeb's ghost (adept CeHu)
 53210 | Elf:2    | Identified the "Keutt"
 53273 | Elf:2    | Reached XP level 23. HP: 284/284 MP: 23/23
 53288 | Elf:2    | You pick up a book of Hexes {forbidden} and begin
                  | reading...
 53316 | Elf:2    | Received a gift from Trog
 53487 | Elf:2    | Found a runed translucent gate.
 53490 | Elf:2    | Found a runed translucent gate.
 53490 | Elf:2    | Found a runed translucent gate.
 53597 | Elf:2    | Identified the +0 leather armour "Mupuhau" {rElec Will-
                  | Dex+5}
 53608 | Elf:2    | Reached skill level 17 in Shapeshifting
 53678 | Elf:2    | You add the spells Magic Dart and Fire Storm to your
                  | library.
 53964 | Elf:3    | Identified the "Tuagg"
 53964 | Elf:3    | Identified the "Qiteneru"
 53964 | Elf:3    | Entered Level 3 of the Elven Halls
 53964 | Elf:3    | Found Vimnoz's Weapon Boutique.
 53978 | Elf:3    | Found Milisa's Distillery.
 54008 | Elf:3    | Bought a potion of invisibility for 128 gold pieces
 54008 | Elf:3    | Bought a potion of might for 64 gold pieces
 54008 | Elf:3    | Bought a potion of might for 64 gold pieces
 54008 | Elf:3    | Bought a potion of heal wounds for 80 gold pieces
 54049 | Elf:3    | Paralysed by an air elemental for 1 turns
 54050 | Elf:3    | Received a gift from Trog
 54145 | Elf:3    | Found Titeonats's Armour Boutique.
 54657 | Elf:3    | Identified the +1 falchion "Lotu Xaps" {freeze, Will-
                  | Dex+4}
 54657 | Elf:3    | Identified the +0 pearl dragon scales of Magic {Drain rElec
                  | rN+ Str+5 Dex-3}
 54674 | Elf:3    | Reached skill level 18 in Shapeshifting
 54910 | Elf:3    | Identified the amulet "Gomi" {Harm Regen+}
 54934 | Elf:3    | Received a gift from Trog
 55045 | Elf:3    | You add the spells Passage of Golubria and Monstrous
                  | Menagerie to your library.
 55092 | Elf:3    | Identified the staff "Luros" {+Blink rElec Str+2 Air}
 55114 | Elf:3    | Identified the +1 cloak "Zemyfipp" {rElec Will+ Stlth+}
 55120 | Elf:3    | You pick up a book of Sloth {forbidden} and begin
                  | reading...
 55231 | Elf:3    | Identified the +1 short sword of the Undead {antimagic,
                  | rN+}
 55240 | Elf:3    | You pick up a book of Chaos {forbidden} and begin
                  | reading...
 55278 | Elf:3    | Identified the +1 cloak of Vaeqo {rCorr Stlth+}
 55336 | Elf:3    | the +1 falchion "Lotu Xaps" {freeze, Will- Dex+4, long};
                  | the +0 pearl dragon scales of Magic {Drain rElec rN+ Str+5
                  | Dex-3, rare=g}
 55350 | Elf:3    | V - the +0 pearl dragon scales of Magic {Drain rElec rN+
                  | Str+5 Dex-3, rare=g}
 55352 | Elf:3    | You drop the +0 pearl dragon scales of Magic {Drain rElec
                  | rN+ Str+5 Dex-3, rare=g}.
 55355 | Elf:3    | V - the +0 pearl dragon scales of Magic {Drain rElec rN+
                  | Str+5 Dex-3, rare=g}
 55744 | Depths:1 | Entered Level 1 of the Depths
 55960 | Lair:5   | Fell from the grace of Trog
 55960 | Lair:5   | Became a worshipper of Jiyva Jysicw the Shapeless
 56230 | Depths:1 | Found Yquess's Jewellery Boutique.
 56231 | Depths:1 | Found Kudwucyv's Book Emporium.
 56232 | Depths:1 | Found Zugov's Jewellery Boutique.
 56245 | Depths:1 | Bought a book of Blood for 364 gold pieces
 56245 | Depths:1 | You pick up a book of Blood and begin reading...
 56245 | Depths:1 | You add the spells Wereblood and Summon Hydra to your
                  | library.
 56248 | Depths:1 | Learned a level 2 spell: Wereblood
 56322 | Depths:1 | Reached skill level 1 in Transmutations
 56355 | Depths:1 | Reached skill level 2 in Transmutations
 56371 | Depths:1 | Found a gateway to Hell.
 56401 | Depths:1 | Reached skill level 3 in Transmutations
 56544 | Depths:1 | Found a stormy altar of Qazlal.
 56551 | Depths:1 | Reached * piety under Jiyva
 56727 | Depths:1 | Found a glowing golden altar of the Shining One.
 56799 | Depths:1 | Found a one-way gate leading to the halls of Pandemonium.
 56878 | Hell     | Entered the Vestibule of Hell
 56879 | Hell     | Noticed Geryon
 56910 | Depths:2 | Reached skill level 4 in Transmutations
 56911 | Depths:2 | Found a burning altar of Makhleb.
 57000 | Depths:2 | Reached ** piety under Jiyva
 57083 | Depths:2 | Found a one-way gate to the infinite horrors of the Abyss.
 57162 | Depths:2 | Reached skill level 17 in Shields
 57182 | Depths:2 | Reached skill level 5 in Transmutations
 57182 | Depths:2 | Reached XP level 24. HP: 295/295 MP: 23/23
 57532 | Depths:2 | Reached skill level 6 in Transmutations
 57796 | Depths:2 | Found a hide-covered altar of Uskayaw.
 57869 | Depths:3 | Reached *** piety under Jiyva
 58041 | Depths:3 | Found a one-way gateway to a ziggurat.
 58044 | Depths:3 | Gained mutation: Your spells are a little harder to cast,
                  | but a little more powerful. [Jiyva's grace]
 58044 | Depths:3 | Gained mutation: Your spells are harder to cast, but more
                  | powerful. [Jiyva's grace]
 58044 | Depths:3 | Gained mutation: Your spells are much harder to cast, but
                  | much more powerful. [Jiyva's grace]
 58044 | Depths:3 | Gained mutation: Armour fits poorly on your pseudopods.
                  | [Jiyva's grace]
 58157 | Depths:3 | Reached **** piety under Jiyva
 58325 | Depths:3 | Found a hazy altar of Hepliaklqana.
 58419 | Depths:3 | Reached skill level 18 in Shields
 58463 | Depths:3 | Found an iron altar of Okawaru.
 58469 | Depths:3 | Identified the +0 helmet of the Four Continents {rF- Int+7}
 58485 | Depths:3 | Identified the +2 war axe of Greatest Utility {speed, rC-
                  | rCorr SInv}
 58555 | Depths:4 | Entered Level 4 of the Depths
 58555 | Depths:4 | Noticed Vv
 58567 | Depths:4 | Killed Vv
 59091 | Depths:4 | Found a corrupted altar of Lugonu.
 59266 | Depths:4 | Reached skill level 19 in Shields
 59382 | Depths:4 | Noticed a juggernaut
 59388 | Depths:4 | Killed a juggernaut
 59425 | Depths:4 | Found a gate to the Realm of Zot.
 59599 | Depths:4 | Lost mutation: Your spells are much harder to cast, but
                  | much more powerful. [Jiyva's grace]
 59599 | Depths:4 | Lost mutation: Armour fits poorly on your pseudopods.
                  | [Jiyva's grace]
 59599 | Depths:4 | Gained mutation: You have sharp toenails. [Jiyva's grace]
 59599 | Depths:4 | Gained mutation: You have razor-sharp toenails. [Jiyva's
                  | grace]
 59599 | Depths:4 | Gained mutation: You have claws for feet. [Jiyva's grace]
 59599 | Depths:4 | Gained mutation: Your rubbery body absorbs attacks. (AC +1,
                  | EV +1) [Jiyva's grace]
 60048 | Vaults:5 | Entered Level 5 of the Vaults
 60060 | Vaults:4 | Reached skill level 20 in Shields
 60119 | Vaults:4 | Reached skill level 7 in Transmutations
 60219 | Vaults:5 | Reached skill level 8 in Transmutations
 60269 | Vaults:5 | Noticed a dread lich
 60275 | Vaults:5 | Killed a dread lich
 60276 | Vaults:5 | Reached skill level 2 in Spellcasting
 60280 | Vaults:5 | Reached skill level 3 in Spellcasting
 60280 | Vaults:5 | Reached XP level 25. HP: 304/304 MP: 24/27
 60281 | Vaults:5 | Noticed a dread lich
 60283 | Vaults:5 | Paralysed by a dread lich for 4 turns
 60290 | Vaults:5 | Killed a dread lich
 60291 | Vaults:5 | Reached skill level 4 in Spellcasting
 60295 | Vaults:5 | Reached skill level 5 in Spellcasting
 60384 | Vaults:5 | Reached ***** piety under Jiyva
 60401 | Vaults:5 | Reached skill level 6 in Spellcasting
 60429 | Vaults:5 | Reached skill level 7 in Spellcasting
 60469 | Vaults:5 | Acquired a manual of Spellcasting
 60828 | Depths:1 | Bought an Inescapable Atlas for 208 gold pieces
 60833 | Depths:1 | Learned a level 4 spell: Manifold Assault
 61106 | Vaults:5 | Reached skill level 1 in Translocations
 61108 | Vaults:5 | Identified the ring "Dion Ufa" {rElec MP-9 Str+6 Int+4
                  | Dex+3}
 61113 | Vaults:5 | Reached skill level 8 in Spellcasting
 61160 | Vaults:5 | Reached skill level 2 in Translocations
 61285 | Vaults:5 | Reached skill level 9 in Spellcasting
 61427 | Vaults:5 | Reached skill level 3 in Translocations
 61438 | Vaults:5 | Reached skill level 10 in Spellcasting
 61444 | Vaults:5 | +0 shadow dragon scales {rare}; a +2 battleaxe of freezing
                  | {axe}; a shadow dragon corpse
 61481 | Vaults:5 | m - +0 storm dragon scales {rare}
 61501 | Vaults:5 | Reached skill level 4 in Translocations
 61586 | Vaults:5 | Got a silver rune of Zot
 61590 | Vaults:5 | Reached skill level 11 in Spellcasting
 62199 | Depths:2 | Voluntarily entered the Abyss.
 62209 | Abyss:1  | Found a corrupted altar of Lugonu.
 62217 | Abyss:1  | Reached skill level 5 in Translocations
 62269 | Abyss:2  | Lost mutation: Your rubbery body absorbs attacks. (AC +1,
                  | EV +1) [Jiyva's grace]
 62269 | Abyss:2  | Gained mutation: You have a small jelly attached to you
                  | that may absorb projectiles. [Jiyva's grace]
 62269 | Abyss:2  | Gained mutation: Your body has grown eyes which may confuse
                  | attackers. (Acc +3) [Jiyva's grace]
 62269 | Abyss:2  | Gained mutation: Your body has grown many eyes which may
                  | confuse attackers. (Acc +5) [Jiyva's grace]
 62269 | Abyss:2  | Gained mutation: Your body is covered in eyes which may
                  | confuse attackers. (Acc +7, SInv) [Jiyva's grace]
 62444 | Abyss:2  | Reached skill level 12 in Spellcasting
 62505 | Abyss:2  | Reached ****** piety under Jiyva
 62508 | Abyss:3  | Found a corrupted altar of Lugonu.
 62563 | Abyss:3  | Reached skill level 6 in Translocations
 62625 | Abyss:3  | Found a corrupted altar of Lugonu.
 62660 | Abyss:3  | Reached skill level 7 in Translocations
 62712 | Abyss:3  | Reached skill level 8 in Translocations
 62755 | Abyss:3  | Found a shimmering blue altar of Sif Muna.
 62811 | Abyss:3  | Reached skill level 9 in Translocations
 62869 | Abyss:3  | Paralysed by accursed screaming for 1 turns
 62898 | Abyss:3  | Paralysed by an air elemental for 1 turns
 62917 | Abyss:3  | Reached skill level 10 in Translocations
 62925 | Abyss:3  | Reached XP level 26. HP: 314/314 MP: 39/39
 62997 | Depths:2 | You pass through the gate.
 62997 | Depths:2 | Escaped the Abyss
 63000 | Depths:2 | Reached skill level 19 in Shapeshifting
 63278 | Zot:1    | Identified the "Letseidd"
 63278 | Zot:1    | Identified the "Itixtumm"
 63278 | Zot:2    | Identified the of Hopte
 63278 | Slime:1  | Entered Level 1 of the Pits of Slime
 63583 | Slime:5  | Entered Level 5 of the Pits of Slime
 63603 | Slime:5  | Found a viscous altar of Jiyva.
 63608 | Slime:5  | Found the macabre finger necklace {Finger+ rN+}
 63615 | Slime:5  | Identified the +0 shortbow "Peel Cax" {elec, rF+ Int+2
                  | Dex+2}
 63616 | Slime:5  | Noticed the Royal Jelly
 63638 | Slime:5  | Identified the staff "Rummage" {Fragile rElec Dex+3 Air}
 63647 | Slime:5  | Identified the +10 dagger "Ocorhiat" {flame, Stlth+}
 63668 | Slime:5  | Identified the +3 mace of Instant Death {pain, rElec SInv
                  | Stlth+}
 63672 | Slime:5  | Got a slimy rune of Zot
 63673 | Slime:5  | Identified the +0 robe of Lust {Rampage rF+ Will+++}
 63679 | Slime:5  | Identified the +0 morningstar of Cytast {spect, *Rage
                  | *Corrode Dex+7}
 64401 | Vaults:5 | Identified the ring "Taororr" {Ice rPois Will+ Str-4 SInv}
 64700 | Depths:2 | Voluntarily entered the Abyss.
 64750 | Abyss:3  | Found a corrupted altar of Lugonu.
 64750 | Abyss:3  | Found a corrupted altar of Lugonu.
 64763 | Abyss:3  | Got an abyssal rune of Zot
 64819 | Depths:2 | You pass through the gate.
 64819 | Depths:2 | Escaped the Abyss
 64969 | Zot:1    | Entered Level 1 of the Realm of Zot
 64970 | Zot:1    | Noticed an orb of fire
 65013 | Zot:1    | Gained mutation: Your body sometimes deteriorates upon
                  | taking damage. [an orb of fire]
 65017 | Zot:1    | Killed an orb of fire
 65018 | Zot:1    | Reached skill level 11 in Translocations
 65125 | Zot:2    | You drop +0 storm dragon scales {rare}.
 65139 | Zot:2    | m - +0 storm dragon scales {rare}
 65236 | Zot:3    | Identified +0 gold dragon scales
 65248 | Zot:3    | p - +0 gold dragon scales {rare}
 65249 | Zot:3    | You drop +0 storm dragon scales {rare}.
 65252 | Zot:3    | Noticed an electric golem
 65257 | Zot:3    | Killed an electric golem
 65296 | Zot:3    | Reached skill level 12 in Translocations
 65371 | Zot:3    | Reached skill level 20 in Shapeshifting
 65459 | Zot:4    | Identified the +2 rapier "Plog" {spect, rElec Str+3 Int-4
                  | Dex+8}
 65522 | Zot:5    | Entered Level 5 of the Realm of Zot
 65546 | Zot:5    | Noticed a curse toe
 65548 | Zot:5    | Killed a curse toe
 65699 | Zot:5    | Reached skill level 21 in Shields
 65816 | Zot:5    | Lost mutation: You have claws for feet. [Jiyva's grace]
 65816 | Zot:5    | Lost mutation: Your spells are harder to cast, but more
                  | powerful. [Jiyva's grace]
 65816 | Zot:5    | Gained mutation: You have a small jelly attached to you
                  | that senses nearby items. [Jiyva's grace]
 65816 | Zot:5    | Gained mutation: You are agile. (Dex +4, Str/Int -1)
                  | [Jiyva's grace]
 65816 | Zot:5    | Gained mutation: You are very agile. (Dex +8, Str/Int -2)
                  | [Jiyva's grace]
 65816 | Zot:5    | Gained mutation: You have a pair of small antennae on your
                  | head. [Jiyva's grace]
 66065 | Zot:5    | Was forgiven by Trog
 66068 | Zot:5    | Noticed a Killer Klown
 66086 | Zot:5    | Killed a Killer Klown
 66087 | Zot:5    | Reached XP level 27. HP: 291/323 MP: 30/39
 66185 | Zot:5    | Noticed an orb of fire
 66195 | Zot:5    | Killed an orb of fire
 66195 | Zot:5    | Noticed an orb of fire
 66202 | Zot:5    | Killed an orb of fire
 66227 | Zot:5    | Noticed an electric golem
 66235 | Zot:5    | Killed an electric golem
 66251 | Zot:5    | Reached skill level 21 in Shapeshifting
 66252 | Zot:5    | Noticed a dread lich
 66258 | Zot:5    | Killed a dread lich
 66306 | Zot:5    | Noticed a curse toe
 66306 | Zot:5    | Noticed an electric golem
 66320 | Zot:5    | Killed an electric golem
 66322 | Zot:5    | Killed a curse toe
 66420 | Zot:5    | Got the Orb of Zot
 66468 | Zot:5    | Noticed Sebent the pandemonium lord
 66479 | Zot:5    | Reached skill level 22 in Shapeshifting
 66573 | Zot:3    | your +0 gold dragon scales {rare} glow green for a moment.
 66574 | Zot:3    | your +1 gold dragon scales {rare} glow green for a moment.
 66666 | Depths:4 | You finish putting on your +2 gold dragon scales {rare}.
 66908 | D:11     | Noticed Vujunuf the pandemonium lord
 67024 | D:5      | Noticed Iluum the pandemonium lord
 67113 | D:$      | Escaped with the Orb!

Vanquished Creatures
  3 dread liches
  3 orbs of fire
  A juggernaut (Depths:4)
  Vv (Depths:4)
  4 Killer Klowns (Zot:5)
  2 curse toes (Zot:5)
  5 golden dragons
  3 bone dragons (Abyss:3)
  Nikola (Vaults:2)
  A Tzitzimitl (Zot:5)
  3 electric golems
  A Brimstone Fiend (Zot:1)
  Rupert (Lair:3)
  9 tentacled monstrosities
  27 Orb Guardians
  A walking crystal tome (Depths:2)
  2 titans
  4 deep elf master archers (Elf:3)
  7 liches
  A walking divine tome (Depths:2)
  3 quicksilver dragons
  2 deep elf blademasters
  5 death cobs
  4 Executioners
  7 tentacled starspawn
  Gastronok (Lair:3)
  A walking frostbound tome (Depths:2)
  9 sphinxes
  A kraken (Shoals:1)
  An ancient champion (Depths:4)
  Agnes (Spider:1)
  6 tengu reavers
  8 shadow dragons
  10 storm dragons
  3 draconian monks
  Roxanne (Shoals:2)
  6 frost giants
  4 draconian knights
  A daeva (Abyss:3)
  2 emperor scorpions (Spider:4)
  7 fire giants
  6 deep elf sorcerers
  4 draconian scorchers
  4 ghost moths
  A ghoul (Vaults:3)
  5 deep elf elementalists (Elf:3)
  17 vault wardens
  2 draconian shifters
  2 balrugs
  5 orc warlords
  A reaper (IceCv)
  A draconian annihilator (Zot:5)
  9 ironbound thunderhulks
  A broodmother (Spider:2)
  15 ironbound preservers
  2 war gargoyles
  A spriggan defender (Depths:2)
  3 draconian stormcallers
  A formless jellyfish (Vaults:3)
  11 very ugly things
  32 stone giants
  A vampire knight (Depths:2)
  7 white draconians
  6 green draconians
  3 starflowers (Abyss:3)
  A deep elf demonologist (Elf:3)
  2 grey draconians (Depths:4)
  8 black draconians
  7 deep elf annihilators
  5 red draconians
  8 purple draconians
  4 dire elephants (Vaults:1)
  A minotaur (Shoals:4)
  2 lorocyprocas
  6 spark wasps
  9 yellow draconians
  A green death (Abyss:3)
  2 eidola
  A blizzard demon (Abyss:3)
  8 ettins
  6 entropy weavers
  12 yaktaur captains
  2 merfolk javelineers
  3 fire dragons
  A crystal guardian (Vaults:2)
  9 deep elf death magi
  3 rakshasas
  3 great orbs of eyes
  9 deep elf high priests
  Fannar (Lair:2)
  The ghost of Scuka the Executioner, a journeyman MiBe of Trog (D:12)
  An ogre mage (D:13)
  5 ice dragons
  31 vault guards
  2 peacekeepers
  A salamander tyrant (Depths:4)
  3 spriggan air magi (Depths:4)
  2 merfolk avatars
  4 radroaches
  5 catoblepae
  3 hell beasts
  18 centaur warriors
  7 jorogumos
  12 two-headed ogres
  11 boulder beetles
  12 ironbound frosthearts
  10 dancing weapons
  16 satyrs
  3 tengu warriors
  5 deep troll earth magi
  7 deep troll shamans
  A vampire mage (Depths:2)
  6 death scarabs (Spider:4)
  2 hell hogs (Abyss:3)
  A death knight (Vaults:3)
  A naga warrior (Abyss:3)
  7 death yaks (Lair:5)
  Urug (D:11)
  5 occultists
  6 orc high priests
  11 deep elf knights
  11 demonic crawlers
  4 spriggan berserkers
  5 sun demons
  15 thrashing horrors (Abyss:3)
  3 skysharks
  A spatial maelstrom (Abyss:3)
  2 sixfirhies
  A skeletal warrior (D:13)
  Lodul (D:12)
  51 deep trolls
  13 wretched stars
  6 iron trolls
  2 sun moths
  10 pharaoh ants
  A flayed ghost (Abyss:3)
  4 orb spiders
  A shadow demon (Depths:2)
  15 sea snakes
  A glowing orange brain (Depths:1)
  6 arcanists
  6 phantasmal warriors
  16 deep elf archers
  33 harpies
  7 steelbarb worms
  A wolf spider zombie (Spider:4)
  10 ironbound convokers
  15 lindwurms
  52 starcursed masses
  26 large abominations
  10 orc knights
  23 deep elf pyromancers
  2 spectral wolf spiders (Spider:4)
  34 deep elf zephyrmancers
  36 ugly things
  2 necromancers
  4 oklob plants (Abyss:3)
  14 wolf spiders
  6 orc sorcerers
  10 fauns
  A frost giant zombie (Vaults:3)
  3 worldbinders (Abyss:3)
  17 cyclopes
  16 manticores
  19 moths of wrath
  Maurice (D:11)
  2 water nymphs
  4 merfolk sirens
  A black mamba (Lair:3)
  A guardian serpent (Abyss:3)
  6 elephants (Lair:2)
  8 smoke demons
  A black mamba (shapeshifter) (D:14)
  13 cane toads
  19 vault sentinels
  Joseph (Lair:1)
  An orange demon (Abyss:1)
  An ice statue (IceCv)
  2 torpor snails
  Maggie (D:6)
  Jeremiah (D:8)
  2 gargoyles
  A rime drake (Lair:5)
  2 hellions
  The ghost of mopl the Sneak, a novice OpBr (D:5)
  36 yaktaurs
  4 tengu conjurers
  An unseen horror (D:10)
  5 freezing wraiths
  9 komodo dragons
  3 tormentors
  An efreet (Abyss:3)
  A yaktaur skeleton (Vaults:3)
  5 ancient zymes (Abyss:3)
  A troll (shapeshifter) (Elf:3)
  19 merfolk
  10 trolls
  A queen bee (Lair:2)
  7 polar bears
  2 spectral culicivoras (Spider:4)
  7 spectral jumping spiders (Spider:4)
  23 tarantellas
  A hornet (D:8)
  4 hellwings
  Grinder (D:3)
  A culicivora zombie (Spider:4)
  A spectral tarantella (Spider:4)
  28 blink frogs
  7 dream sheep
  16 raiju (Abyss:3)
  A tarantella (shapeshifter) (D:8)
  2 tarantella zombies (Spider:4)
  6 snapping turtles
  A spriggan (shapeshifter) (Depths:4)
  A centaur simulacrum (Abyss:3)
  43 slime creatures
  33 jumping spiders
  2 air elementals
  3 vampires
  18 culicivoras
  2 dire elephant simulacra (IceCv)
  3 fire elementals
  3 shadows
  44 yaks
  8 water elementals
  3 ynoxinuls (Abyss:3)
  9 wraiths
  7 wyverns
  8 chaos spawn
  54 redbacks
  3 death yak simulacra (IceCv)
  14 vampire mosquitoes
  A basilisk (Lair:2)
  3 neqoxecs (Abyss:3)
  5 steam dragons
  2 nagas (Abyss:3)
  4 wargs
  A harpy simulacrum (IceCv)
  Menkaure (D:7)
  A naga zombie (Abyss:2)
  8 acid dragons
  A glowing shapeshifter zombie (Vaults:3)
  14 water moccasins
  Duvessa (D:5)
  11 black bears
  44 orc warriors
  Pargi (D:3)
  4 sky beasts
  2 ice beasts
  31 ogres
  11 wolves
  32 centaurs
  8 boggarts
  A human skeleton (Vaults:3)
  4 phantoms
  2 kobold brigands
  Blork the orc (D:5)
  12 bullfrogs
  An earth elemental (Elf:2)
  An elf zombie (Ossuary)
  2 gnoll sergeants
  2 scorpions
  A water moccasin zombie (D:6)
  7 two-headed ogre simulacra (IceCv)
  11 wights
  21 small abominations
  Dowan (D:5)
  2 elephant simulacra (IceCv)
  34 killer bees
  7 electric eels
  6 howler monkeys
  A bullfrog zombie (D:6)
  A quasit (Abyss:3)
  2 centaur zombies (D:6)
  25 orc priests
  6 centaur skeletons
  6 jellies
  2 human zombies (Ossuary)
  3 hounds
  2 iron imps (Abyss:3)
  Crazy Yiuf (D:3)
  20 orc wizards
  5 iguanas
  A troll simulacrum (IceCv)
  2 wolf simulacra (IceCv)
  2 polar bear simulacra (IceCv)
  4 spriggan simulacra (IceCv)
  A killer bee zombie (D:6)
  A hound zombie (Ossuary)
  2 howler monkey zombies (D:6)
  5 mummies
  7 adders
  9 gnolls
  2 howler monkey skeletons (D:6)
  9 river rats
  8 naga simulacra (IceCv)
  4 shadow imps
  17 white imps
  9 ufetubi
  5 worms (D:3)
  A dart slug (D:1)
  93 orcs
  6 ball pythons
  6 bats
  8 endoplasms
  2 giant cockroaches
  A gnoll zombie (Ossuary)
  9 goblins
  5 hobgoblins
  4 jackals
  30 kobolds
  4 quokkas
  6 frilled lizards
  3 goblin zombies
  2 jackal zombies (Ossuary)
  A kobold zombie (Ossuary)
  3 orc zombies (Ossuary)
  27 rats
  A lurking horror (Abyss:3)
  9 starspawn tentacles
  3 tentacles (Shoals:1)
2352 creatures vanquished.

Vanquished Creatures (collateral kills)
  Mlioglotl (Spider:3)
  The ghost of Guofuxagu the Brawler, a journeyman TrCA of Jiyva (D:15)
  A vault warden (Vaults:1)
  A deep elf elementalist (Elf:3)
  A deep elf demonologist (Elf:3)
  The ghost of eyesofgods1 the Fighter, a journeyman DjCj of Gozag (D:11)
  A crystal guardian (Vaults:2)
  An ettin (D:15)
  A deep elf high priest (Elf:3)
  6 hydras
  A peacekeeper (Vaults:3)
  2 jorogumos (Spider:3)
  2 boulder beetles
  A satyr (Shoals:4)
  A tengu warrior (D:15)
  An orc high priest (Orc:2)
  A demonic crawler (Spider:2)
  A skyshark (Shoals:1)
  A fire crab (D:11)
  2 deep trolls (Vaults:3)
  An arcanist (Vaults:3)
  3 cyclopes
  An orc sorcerer (Orc:2)
  2 manticores
  An orc knight (D:8)
  A merfolk siren (Shoals:2)
  An efreet (D:11)
  A merfolk (Shoals:1)
  A tarantella (Spider:2)
  2 slime creatures
  A dream sheep (Shoals:4)
  6 blink frogs (Lair:5)
  2 wargs (Orc:2)
  3 orc warriors (Orc:2)
  3 orc priests (Orc:2)
  4 orc wizards (Orc:2)
  3 orcs (Orc:2)
64 creatures vanquished.

Vanquished Creatures (others)
  A white draconian (Zot:4)
  A great orb of eyes (Abyss:2)
  An ice dragon (Depths:3)
  A shock serpent (shapeshifter) (Abyss:3)
  4 glowing orange brains
  A wretched star (Abyss:3)
  A deep elf zephyrmancer (Elf:1)
  A shining eye (shapeshifter) (Depths:4)
  A manticore (D:11)
  A moth of wrath (shapeshifter) (Depths:2)
  A vault sentinel (Vaults:3)
  A smoke demon (Depths:1)
  2 glass eyes
  A water elemental (Depths:1)
  2 golden eyes (Abyss:3)
  A golden eye (shapeshifter) (Abyss:2)
  2 black bears
  124 jellies
  A quasit (Abyss:2)
  A starcursed mass (Abyss:3)
  An orc wizard (Orc:2)
  6 starspawn tentacles
  10 tentacles (Shoals:1)
166 creatures vanquished.

Grand Total: 2582 creatures vanquished

Table legend:
 A = Non-vault XP
 B = Vault XP
 C = Vault XP percentage of total XP
 D = Non-vault monster count
 E = Vault monster count
 F = Vault count percentage of total count
                 A         B        C        D         E       F
            +---------+---------+-------+---------+---------+-------
      Total |  660408 |  506776 |  43.4 |    1401 |     904 |  39.2
            +---------+---------+-------+---------+---------+-------
        D:1 |      29 |       0 |   0.0 |      16 |       0 |   0.0
        D:2 |      37 |       0 |   0.0 |      15 |       0 |   0.0
        D:3 |      99 |     485 |  83.0 |      22 |      10 |  31.2
        D:4 |     434 |       0 |   0.0 |      29 |       0 |   0.0
        D:5 |     711 |     811 |  53.3 |      11 |      15 |  57.7
        D:6 |     466 |    1586 |  77.3 |       6 |      22 |  78.6
        D:7 |    1958 |     356 |  15.4 |      21 |       2 |   8.7
        D:8 |    1471 |    8106 |  84.6 |      18 |      33 |  64.7
        D:9 |    3473 |      14 |   0.4 |      29 |       5 |  14.7
       D:10 |    1869 |     177 |   8.7 |      18 |       1 |   5.3
       D:11 |    3843 |   10484 |  73.2 |      17 |      25 |  59.5
       D:12 |    6168 |    5001 |  44.8 |      21 |      15 |  41.7
       D:13 |    5072 |    7424 |  59.4 |      11 |      17 |  60.7
       D:14 |    3690 |       0 |   0.0 |      12 |       0 |   0.0
       D:15 |    9553 |    5142 |  35.0 |      24 |       6 |  20.0
     Lair:1 |    7497 |     434 |   5.5 |      36 |       1 |   2.7
     Lair:2 |   10961 |    3460 |  24.0 |      37 |      28 |  43.1
     Lair:3 |    1282 |    4250 |  76.8 |       6 |       4 |  40.0
     Lair:4 |    2531 |       0 |   0.0 |       7 |       0 |   0.0
     Lair:5 |   11251 |   11450 |  50.4 |      30 |      24 |  44.4
   Shoals:1 |   16043 |    5553 |  25.7 |      30 |       8 |  21.1
   Shoals:2 |    5043 |    1286 |  20.3 |      14 |       1 |   6.7
   Shoals:3 |    7313 |       0 |   0.0 |      14 |       0 |   0.0
   Shoals:4 |   15013 |   30833 |  67.3 |      31 |      41 |  56.9
   Spider:1 |   15190 |    5130 |  25.2 |      38 |       7 |  15.6
   Spider:2 |   24990 |       0 |   0.0 |      58 |       0 |   0.0
   Spider:3 |   15254 |    6558 |  30.1 |      39 |      11 |  22.0
   Spider:4 |   12227 |   25200 |  67.3 |      26 |      48 |  64.9
      Orc:1 |    6101 |       0 |   0.0 |      48 |       0 |   0.0
      Orc:2 |    3581 |   11265 |  75.9 |      36 |      85 |  70.2
      Elf:1 |   19261 |   10941 |  36.2 |      30 |      16 |  34.8
      Elf:2 |   17995 |    6588 |  26.8 |      28 |      10 |  26.3
      Elf:3 |   13236 |   37428 |  73.9 |      24 |      35 |  59.3
   Vaults:1 |   28156 |   13956 |  33.1 |      44 |      23 |  34.3
   Vaults:2 |   25204 |   11491 |  31.3 |      38 |      16 |  29.6
   Vaults:3 |   31276 |   27889 |  47.1 |      46 |      39 |  45.9
   Vaults:4 |   26723 |   23082 |  46.3 |      43 |      30 |  41.1
   Vaults:5 |   15243 |   81265 |  84.2 |      20 |      65 |  76.5
   Depths:1 |   28875 |     794 |   2.7 |      36 |       2 |   5.3
   Depths:2 |   27140 |   16471 |  37.8 |      35 |      13 |  27.1
   Depths:3 |    8146 |   12731 |  61.0 |       8 |      15 |  65.2
   Depths:4 |   19922 |   29345 |  59.6 |      19 |      30 |  61.2
      Zot:1 |    8046 |       0 |   0.0 |       4 |       0 |   0.0
      Zot:2 |    5927 |       0 |   0.0 |       5 |       0 |   0.0
      Zot:3 |   39772 |       0 |   0.0 |      33 |       0 |   0.0
      Zot:4 |   20433 |       0 |   0.0 |      19 |       0 |   0.0
      Zot:5 |   40401 |   66657 |  62.3 |      33 |      31 |  48.4
    Abyss:1 |    3943 |       0 |   0.0 |       6 |       0 |   0.0
    Abyss:2 |    5511 |       0 |   0.0 |      18 |       0 |   0.0
    Abyss:3 |   82048 |   15659 |  16.0 |     192 |      22 |  10.3
      Sewer |       0 |     127 | 100.0 |       0 |      46 | 100.0
    Ossuary |       0 |     275 | 100.0 |       0 |      16 | 100.0
     Bailey |       0 |    2877 | 100.0 |       0 |      40 | 100.0
      IceCv |       0 |    4195 | 100.0 |       0 |      46 | 100.0
            +---------+---------+-------+---------+---------+-------

Skill      XL: |  1  2  3  4  5  6  7  8  9 10 11 12 13 14 15 16 17 18 19 20 21 22 23 24 25 26 27 |
---------------+----------------------------------------------------------------------------------+-----
Axes           | 1 3 4 6 8 11 13 15 16 17 | 17.8
Fighting       | 6 7 9 10 13 15 19 21 23 25 26 27 | 27.0
Dodging        | 4 5 10 12 | 12.0
Shields        | 4 8 11 13 14 15 16 17 20 21 | 21.1
Evocations     | 6 |  6.0
Armour         | 2 6 7 |  7.1
Shapeshifting  | 7 14 16 18 20 22 | 22.4
Transmutations | 5 8 |  8.0
Spellcasting   | 3 12 | 12.0
Translocations | 10 12 | 12.0
Maces & Flails | |  2.6

Action                     |  1- 3 |  4- 6 |  7- 9 | 10-12 | 13-15 | 16-18 | 19-21 | 22-24 | 25-27 || total
---------------------------+-------+-------+-------+-------+-------+-------+-------+-------+-------++-------
  Melee: Mace              |    16 |       |       |       |       |       |       |       |       ||    16
         War axe           |    85 |   104 |   427 |   664 |    37 |       |       |       |       ||  1317
         Punch             |     2 |     1 |     5 |     3 |       |       |       |       |       ||    11
         Glaive            |       |       |       |    70 |       |       |       |       |       ||    70
         Broad axe         |       |       |       |       |   993 |   670 |   672 |   996 |   934 ||  4265
         Pseudopods        |       |       |       |       |       |       |       |    57 |       ||    57
         Kick              |       |       |       |       |       |       |       |    15 |   405 ||   420
  Throw: Dart              |       |       |     5 |    16 |       |       |       |       |       ||    21
   Cast: Wereblood         |       |       |       |       |       |       |       |     1 |       ||     1
         Manifold Assault  |       |       |       |       |       |       |       |       |    26 ||    26
 Invoke: Berserk           |     2 |     1 |     3 |     6 |     5 |     1 |     1 |     1 |       ||    20
         Trog's Hand       |       |       |     1 |     5 |     7 |     1 |    11 |     7 |       ||    32
         Brothers in Arms  |       |       |       |     3 |     7 |    12 |    10 |     4 |       ||    36
         Slimify           |       |       |       |       |       |       |       |     1 |       ||     1
         Oozemancy         |       |       |       |       |       |       |       |       |     1 ||     1
  Evoke: Wand              |       |       |       |    19 |     7 |     3 |     6 |     4 |     5 ||    44
         Box of beasts     |       |       |       |       |       |     1 |     1 |     1 |     1 ||     4
         Tin of tremorston |       |       |       |       |       |     2 |     1 |     2 |       ||     5
         Lightning rod     |       |       |       |       |       |       |     2 |     8 |       ||    10
    Use: Scroll            |       |     1 |    15 |    12 |    11 |     8 |     2 |    15 |    11 ||    75
         Potion            |       |       |       |     4 |       |     4 |    13 |     2 |    11 ||    34
   Stab: Invisible         |       |       |       |    14 |       |     1 |     2 |       |       ||    17
         Petrifying        |       |       |       |       |     1 |       |       |       |       ||     1
         Petrified         |       |       |       |       |     1 |       |       |       |       ||     1
         Distracted        |       |       |       |       |     1 |     3 |     1 |       |     2 ||     7
         Sleeping          |       |       |       |       |       |       |     2 |     3 |     2 ||     7
         Betrayed ally     |       |       |       |       |       |       |     1 |       |       ||     1
         Confused          |       |       |       |       |       |       |       |       |    36 ||    36
 Armour: Animal skin       |    72 |       |       |       |       |       |       |       |       ||    72
         Troll leather arm |       |    49 |   243 |     4 |       |       |       |       |       ||   296
         Steam dragon scal |       |       |    38 |   198 |       |       |       |       |       ||   236
         Acid dragon scale |       |       |       |   342 |   445 |   566 |   528 |   113 |       ||  1994
         Robe              |       |       |       |       |     3 |       |       |       |       ||     3
         Skin              |       |       |       |       |       |       |       |   756 |   721 ||  1477
         Gold dragon scale |       |       |       |       |       |       |       |       |     9 ||     9
  Dodge: Dodged            |    62 |    46 |   155 |   315 |   360 |   451 |   366 |   668 |   566 ||  2989
  Block: Other             |     8 |    25 |    87 |    69 |       |       |       |       |       ||   189
         Reflection        |       |     1 |     2 |     6 |    52 |    28 |       |    37 |    70 ||   196
         Kite shield       |       |       |       |   318 |   834 |   595 |   514 |   419 |       ||  2680
         Tower shield      |       |       |       |       |       |       |       |   893 |  1602 ||  2495
   Form: Statue            |       |       |       |       |       |       |       |     1 |       ||     1
         Death             |       |       |       |       |       |       |       |       |     1 ||     1

Illustrated notes

Table legend:
 A = Kills in this place as a percentage of kills in the entire game.
 B = Kills by you in this place as a percentage of kills by you in the entire game.
 C = Kills by friends in this place as a percentage of kills by friends in the entire game.
 D = Other kills in this place as a percentage of other kills in the entire game.
 E = Experience gained in this place as a percentage of experience gained in the entire game.
 F = Experience gained in this place divided by the number of levels of this place that you have seen.
                   A       B       C       D       E      F
               +-------+-------+-------+-------+-------+----------------------
         Total | 100.0 | 100.0 | 100.0 | 100.0 | 100.0 | 19292.7
       Dungeon |  18.2 |  18.2 |  23.4 |   0.0 |   6.9 | 5484.5
          Lair |   7.4 |   7.3 |  12.5 |   0.0 |   4.4 | 10623.2
        Shoals |   6.0 |   5.8 |  12.5 |   0.0 |   6.8 | 20271.0
   Spider Nest |   9.7 |   9.8 |   7.8 |   0.0 |   8.7 | 26137.2
  Orcish Mines |   7.3 |   6.7 |  26.6 |  11.1 |   1.8 | 10473.5
   Elven Halls |   6.1 |   6.2 |   4.7 |   0.0 |   8.8 | 35149.7
        Vaults |  15.6 |  15.7 |  12.5 |  11.1 |  23.8 | 56857.0
        Depths |   6.9 |   7.1 |   0.0 |   0.0 |  12.3 | 36756.2
           Zot |   6.1 |   6.2 |   0.0 |  22.2 |  17.0 | 40557.6
         Abyss |  10.2 |  10.3 |   0.0 |  55.6 |   9.0 | 26790.2
         Sewer |   2.0 |   2.0 |   0.0 |   0.0 |   0.0 | 127.0
       Ossuary |   0.7 |   0.7 |   0.0 |   0.0 |   0.0 | 275.0
        Bailey |   1.7 |   1.8 |   0.0 |   0.0 |   0.2 | 2877.0
      Ice Cave |   2.0 |   2.0 |   0.0 |   0.0 |   0.4 | 4195.0
               +-------+-------+-------+-------+-------+----------------------

Table legend: (Time is in decaauts)
 A = Elapsed time spent in this place.
 B = Non-inter-level travel time spent in this place.
 C = Inter-level travel time spent in this place.
 D = Time resting spent in this place.
 E = Time spent auto-exploring this place.
 F = Levels seen in this place.
 G = Mean time per level.
                   A        B        C        D        E       F      G
               +--------+--------+--------+--------+--------+-----+--------+
         Total |  76172 |  68261 |   7911 |  17269 |  34526 |  62 | 1228.6 |
       Dungeon |  19635 |  16849 |   2786 |   3027 |  10385 |  15 | 1309.0 |
        Temple |      1 |      0 |      1 |      0 |      0 |   1 |    1.0 |
          Lair |   8229 |   7403 |    826 |   1847 |   4380 |   5 | 1645.8 |
        Shoals |   4792 |   4613 |    179 |   1720 |   1933 |   4 | 1198.0 |
   Spider Nest |   7389 |   7190 |    199 |   3268 |   2606 |   4 | 1847.2 |
    Slime Pits |   1229 |   1057 |    172 |      0 |    816 |   5 |  245.8 |
  Orcish Mines |   1880 |   1624 |    256 |    194 |    955 |   2 |  940.0 |
   Elven Halls |   5239 |   4898 |    341 |    672 |   2932 |   3 | 1746.3 |
        Vaults |  13340 |  11545 |   1795 |   4016 |   5419 |   5 | 2668.0 |
        Depths |   6668 |   5460 |   1208 |    423 |   3534 |   4 | 1667.0 |
          Hell |      2 |      2 |      0 |      0 |      0 |   1 |    2.0 |
           Zot |   2586 |   2441 |    145 |    491 |    584 |   5 |  517.2 |
         Abyss |   1442 |   1442 |      0 |     22 |    142 |   4 |  360.5 |
         Sewer |    453 |    453 |      0 |      0 |    153 |   1 |  453.0 |
       Ossuary |    222 |    222 |      0 |      8 |    118 |   1 |  222.0 |
        Bailey |   2244 |   2244 |      0 |   1313 |    297 |   1 | 2244.0 |
      Ice Cave |    813 |    813 |      0 |    265 |    269 |   1 |  813.0 |
               +--------+--------+--------+--------+--------+-----+--------+

Top non-repeatable levels by time:
Vaults:3: 3614 daAuts
Vaults:2: 2880 daAuts
Spider:4: 2825 daAuts
Vaults:1: 2820 daAuts
     D:8: 2633 daAuts
  Lair:5: 2342 daAuts
  Lair:2: 2305 daAuts
   Elf:3: 2251 daAuts
  Bailey: 2244 daAuts
Depths:2: 2133 daAuts
Vaults:4: 2103 daAuts
Spider:2: 2050 daAuts
Vaults:5: 1922 daAuts
    D:11: 1905 daAuts
Depths:4: 1892 daAuts
